 Dungeon Sprint DCSS version 0.21.1-1-g345015f (webtiles) character file.

10402 Fang the Severer (level 11, -2/82 HPs)
             Began as a Gargoyle Berserker on July 23, 2018.
             Was the Champion of Trog.
             Slain by a death cob (25 damage)
             ... in the Dungeon (Sprint VII: "The Pits").
             The game lasted 00:10:23 (2753 turns).

Fang the Severer (Gargoyle Berserker)               Turns: 2753, Time: 00:10:24

Health: -2/82      AC: 15    Str: 25    XL:     11   Next: 61%
Magic:  11/11      EV: 18    Int: 10    God:    Trog [******]
Gold:   53         SH:  0    Dex: 12    Spells: 10/10 levels left

rFire    + . .     SeeInvis .   m - +8 executioner's axe of Lidu {elec, *Corrode rPois rF+ Int+3}
rCold    . . .     Gourm    .   (shield currently unavailable)
rNeg     + . .     Faith    .   r - +2 robe {MR+}
rPois    ∞         Spirit   .   (no helmet)
rElec    +         Reflect  .   (no cloak)
rCorr    .         Harm     .   (no gloves)
MR       +....     NoTele   +   (no boots)
Stlth    +++.......             (no amulet)
HPRegen  0.23/turn              n - +3 ring of dexterity
MPRegen  0.12/turn              o - +3 ring of protection

@: slowed, very slow
A: negative energy resistance 1, electricity resistance, unbreathing,
petrification resistance, rot immunity, AC +8
a: Berserk, Trog's Hand, Brothers in Arms, Burn Spellbooks, Renounce Religion


You were in the Dungeon.
You worshipped Trog.
Trog was exalted by your worship.
You were not hungry.

You visited 1 branch You collected 53 gold pieces.

Inventory:

Hand Weapons
 b - a +4 battleaxe of flaming
 m - the +8 executioner's axe of Lidu (weapon) {elec, *Corrode rPois rF+ Int+3}
   (Trog gifted it to you in the Dungeon)

   Occasionally, upon striking a foe, it will discharge some electrical energy
   and cause terrible harm.
   It affects your intelligence (+3).
   It protects you from fire.
   It protects you from poison.
   It may corrode you when you take damage.
 q - a +9 antimagic battleaxe
 s - a +2 war axe of chopping
 t - a +1 war axe of freezing
Armour
 r - a +2 robe of magic resistance (worn)
Jewellery
 n - a +3 ring of dexterity (left hand)
 o - a +3 ring of protection (right hand)
 v - an uncursed ring of protection from fire
Scrolls
 i - 2 scrolls of blinking
 j - 4 scrolls of enchant weapon
 k - 3 scrolls of remove curse
 l - a scroll of summoning
 u - a scroll of identify
 y - 2 scrolls of fog
 z - 4 scrolls of enchant armour
Potions
 a - 2 potions of invisibility
 d - 12 potions of curing
 e - 11 potions of heal wounds
 f - 2 potions of haste
 g - 4 potions of magic
 h - 5 potions of berserk rage
 p - 2 potions of might
 w - a potion of flight
Miscellaneous
 x - a box of beasts
Comestibles
 c - 7 rations


   Skills:
 + Level 15.6 Fighting
 + Level 17.2 Axes
 + Level 5.9 Armour
 + Level 10.8 Dodging
 + Level 6.1 Stealth


You had 10 spell levels left.
You didn't know any spells.

Dungeon Overview and Level Annotations

Branches:
Dungeon (1/1)

Altars:
Ashenzari
Cheibriados
Dithmenos
Elyvilon
Fedhas
Gozag
Hepliaklqana
Kikubaaqudgha
Makhleb
Nemelex Xobeh
Okawaru
Qazlal
Ru
Sif Muna
Trog
Uskayaw
Vehumet
Wu Jian
Xom
Yredelemnul
Zin
The Shining One
Beogh
Jiyva
Lugonu


Innate Abilities, Weirdness & Mutations

You are resistant to torment.
Your stone body is resilient. (AC +8)
You are immune to poison.
You resist negative energy. (rN+)
You are resistant to electric shocks. (rElec)
You can survive without breathing.
You are immune to petrification.
You are immune to rotting.


Message History

The death cob closely misses you. The death cob hits you!!
You hit the death cob but do no damage. The death cob hits you!
The death cob drains your vigour!
You feel as though you will be slow longer.
The death cob hits you!
* * * LOW HITPOINT WARNING * * *
The death cob drains your vigour!
You feel as though you will be slow longer.
The death cob hits you!
* * * LOW HITPOINT WARNING * * *
The death cob drains your vigour!
You feel as though you will be slow longer.
The death cob hits you.
* * * LOW HITPOINT WARNING * * *
You feel much better. The death cob hits you. The death cob drains your vigour!
You feel as though you will be slow longer.
The death cob hits you.
* * * LOW HITPOINT WARNING * * *
The death cob completely misses you. The death cob hits you!!
You die...

#++#########
#...........
#...@z......
#..#########
#..# #..# ####
#..# #..# #..#
#..# #..# '..#
#..#
'..##########..#


You could see a death cob.

Vanquished Creatures
  A two-headed ogre (D)
  A deep troll (D)
  A lindwurm (D)
  A cyclops (D)
  An elephant (D)
  Psyche (D)
  A smoke demon (D)
  A rime drake (D)
  2 komodo dragons (D)
  A freezing wraith (D)
  A hellwing (D)
  A troll (D)
  5 dream sheep (D)
  A snapping turtle (D)
  A flying skull (D)
  A redback (D)
  2 hungry ghosts (D)
  A basilisk (shapeshifter) (D)
  An acid dragon (D)
  A soldier ant (D)
  A water moccasin (D)
  A swamp drake (D)
  2 eyes of draining (D)
  An ice beast (D)
  A phantom (D)
  An ogre (D)
  A wolf (D)
  A crocodile (D)
  Blork the orc (D)
  An earth elemental (D)
  A scorpion (D)
  A jelly (D)
  A mummy (D)
  A gnoll (D)
  2 river rats (D)
  An ufetubus (D)
  An ooze (D)
  A worm (D)
  An orc (D)
  A ball python (D)
  2 bats (D)
  A giant cockroach (D)
  A goblin (D)
  A ball python skeleton (D)
  A rat (D)
54 creatures vanquished.

Vanquished Creatures (collateral kills)
  A death cob (D)
  A flayed ghost (D)
  A deep elf mage (D)
  A cyclops (D)
  A smoke demon (D)
  An elephant (D)
  A guardian serpent (D)
  An eye of devastation (D)
  3 kobold demonologists (D)
  An ice devil (D)
  An efreet (D)
  A merfolk (D)
  A black bear (D)
  A necrophage (D)
  A crocodile (D)
  2 big kobolds (D)
  A bullfrog (D)
  An orc wizard (D)
  3 orcs (D)
  4 kobolds (D)
28 creatures vanquished.

Grand Total: 82 creatures vanquished

Notes
Turn   | Place    | Note
-------+----------+-------------------------------------------
     0 | D        | Fang the Gargoyle Berserker began the quest for the Orb.
     0 | D        | Reached XP level 1. HP: 14/14 MP: 1/1
    22 | D        | Reached skill level 3 in Axes
    52 | D        | Found a bloodstained altar of Trog.
    52 | D        | Found a deep blue altar of Sif Muna.
    52 | D        | Found a viscous altar of Jiyva.
    52 | D        | Found a hazy altar of Hepliaklqana.
    52 | D        | Found an opulent altar of Gozag.
    53 | D        | Found a glowing golden altar of the Shining One.
    53 | D        | Found a glowing silver altar of Zin.
    53 | D        | Found a basalt altar of Yredelemnul.
    53 | D        | Found a shimmering altar of Xom.
    53 | D        | Found an ornate altar of the Wu Jian Council.
    53 | D        | Found a sacrificial altar of Ru.
    53 | D        | Found a stormy altar of Qazlal.
    53 | D        | Found an iron altar of Okawaru.
    53 | D        | Found a sparkling altar of Nemelex Xobeh.
    53 | D        | Found a burning altar of Makhleb.
    53 | D        | Found a blossoming altar of Fedhas.
    53 | D        | Found a white marble altar of Elyvilon.
    53 | D        | Found a shadowy altar of Dithmenos.
    53 | D        | Found a snail-covered altar of Cheibriados.
    55 | D        | Found a radiant altar of Vehumet.
    55 | D        | Found a corrupted altar of Lugonu.
    55 | D        | Found a roughly hewn altar of Beogh.
    57 | D        | Found an ancient bone altar of Kikubaaqudgha.
    57 | D        | Found a hide-covered altar of Uskayaw.
    57 | D        | Found a shattered altar of Ashenzari.
   100 | D        | Reached ** piety under Trog
   127 | D        | Reached XP level 2. HP: 19/20 MP: 2/2
   131 | D        | Noticed a hungry ghost
   141 | D        | Reached *** piety under Trog
   141 | D        | Reached skill level 4 in Axes
   143 | D        | Reached XP level 3. HP: 22/25 MP: 3/3
   148 | D        | Killed a hungry ghost
   148 | D        | Reached skill level 6 in Axes
   148 | D        | Reached XP level 4. HP: 29/34 MP: 4/4
   148 | D        | Reached XP level 5. HP: 32/38 MP: 5/5
   340 | D        | Noticed a wolf
   343 | D        | Noticed Blork the orc
   350 | D        | Killed a wolf
   350 | D        | Reached skill level 7 in Axes
   350 | D        | Reached XP level 6. HP: 44/44 MP: 6/6
   356 | D        | Killed Blork the orc
   356 | D        | Reached **** piety under Trog
   356 | D        | Reached skill level 8 in Axes
   413 | D        | Reached ***** piety under Trog
   413 | D        | Reached skill level 9 in Axes
   413 | D        | Reached skill level 5 in Dodging
   413 | D        | Reached XP level 7. HP: 51/51 MP: 7/7
   424 | D        | Noticed a flying skull
   437 | D        | Killed a flying skull
   437 | D        | Reached skill level 10 in Fighting
   437 | D        | Reached skill level 5 in Armour
   584 | D        | Noticed Psyche
   592 | D        | Killed Psyche
   592 | D        | Reached skill level 10 in Axes
   592 | D        | Reached XP level 8. HP: 59/59 MP: 8/8
   737 | D        | Reached skill level 11 in Axes
   758 | D        | Noticed a smoke demon
   769 | D        | Killed a smoke demon
   769 | D        | Reached ****** piety under Trog
  1147 | D        | Noticed an elephant
  1159 | D        | Killed an elephant
  1159 | D        | Received a gift from Trog
  1159 | D        | Reached skill level 12 in Axes
  1159 | D        | Reached XP level 9. HP: 65/65 MP: 9/9
  1210 | D        | Noticed a hellwing
  1216 | D        | Reached skill level 1 in Stealth
  1226 | D        | Killed a hellwing
  1447 | D        | Noticed a lindwurm
  1454 | D        | Killed a lindwurm
  1454 | D        | Reached skill level 13 in Axes
  1565 | D        | Noticed a cyclops
  1565 | D        | Noticed a two-headed ogre
  1571 | D        | Killed a two-headed ogre
  1571 | D        | Received a gift from Trog
  1571 | D        | Reached XP level 10. HP: 54/73 MP: 10/10
  1577 | D        | Killed a cyclops
  1577 | D        | Reached skill level 14 in Axes
  1749 | D        | Received a gift from Trog
  1756 | D        | Reached skill level 15 in Axes
  1797 | D        | Noticed a smoke demon
  1797 | D        | Noticed an eye of devastation
  1804 | D        | Killed a smoke demon
  1810 | D        | Reached skill level 10 in Dodging
  1814 | D        | Killed an eye of devastation
  1814 | D        | Received a gift from Trog
  2056 | D        | Reached XP level 11. HP: 80/80 MP: 11/11
  2128 | D        | Noticed a flayed ghost
  2128 | D        | Noticed a cyclops
  2129 | D        | Noticed a death cob
  2136 | D        | Killed a death cob
  2136 | D        | Received a gift from Trog
  2136 | D        | Reached skill level 16 in Axes
  2136 | D        | Reached skill level 5 in Stealth
  2141 | D        | Killed a flayed ghost
  2145 | D        | Noticed a deep elf mage
  2149 | D        | Killed a cyclops
  2149 | D        | Reached skill level 15 in Fighting
  2158 | D        | Killed a deep elf mage
  2158 | D        | Received a gift from Trog
  2161 | D        | Got a steaming executioner's axe {god gift}
  2162 | D        | Identified the +8 executioner's axe of Lidu {elec, *Corrode rPois rF+ Int+3} (Trog gifted it to you in the Dungeon)
  2304 | D        | Received a gift from Trog
  2685 | D        | Noticed a deep troll
  2692 | D        | Reached skill level 17 in Axes
  2695 | D        | Killed a deep troll
  2749 | D        | Noticed a death cob
  2751 | D        | Received a gift from Trog
  2753 | D        | Slain by a death cob

Skill      XL: |  1  2  3  4  5  6  7  8  9 10 11 |
---------------+----------------------------------+-----
Axes           | 3 4 6 7 9 10 12 13 15 17 | 17.2
Fighting       | 4 7 8 9 10 12 13 14 15 | 15.6
Dodging        | 2 3 4 5 6 7 9 10 | 10.8
Armour         | 3 4 5 |  5.9
Stealth        | 3 4 6 |  6.1

Action                   |  1- 3 |  4- 6 |  7- 9 | 10-12 || total
-------------------------+-------+-------+-------+-------++-------
Melee: Hand axe          |    36 |    17 |    85 |     6 ||   144
       War axe           |       |       |       |    12 ||    12
       Battleaxe         |       |       |       |     6 ||     6
       Executioner's axe |       |       |       |    13 ||    13
Invok: Berserk           |     1 |     1 |     7 |     5 ||    14
       Brothers in Arms  |       |       |       |     7 ||     7
       Burn Spellbooks   |       |       |       |     1 ||     1
  Use: Scroll            |       |       |       |     2 ||     2
       Potion            |       |       |       |     1 ||     1
  Eat: Chunk             |       |     3 |     4 |     9 ||    16
       Ration            |       |       |     2 |       ||     2
Armor: Animal skin       |    15 |     1 |    11 |       ||    27
       Robe              |       |       |    11 |    11 ||    22
Dodge: Dodged            |    28 |    11 |    45 |    39 ||   123
